 Dungeon Crawl Stone Soup version 0.29.1-15-g9cfb28693d (webtiles) character file.

Game seed: 1491173336740824812

186 promet the Covered (level 5, -1/42 HPs)
             Began as a Minotaur Fighter on Mar 6, 2023.
             Was a Believer of Uskayaw.
             Slain by a gnoll
             ... wielding a +0 halberd
             ... led by a gnoll bouda
              (9 damage)
             ... on level 3 of the Dungeon on Mar 7, 2023.
             The game lasted 00:12:28 (3065 turns).

promet the Covered (Minotaur Fighter)               Turns: 3065, Time: 00:12:29

Health: -1/42      AC:  7    Str: 22    XL:     5   Next: 38%
Magic:  4/4        EV:  9    Int:  5    God:    Uskayaw [**....]
Gold:   129        SH:  4    Dex: 10    Spells: 4/4 levels left

rFire   . . .      SeeInvis .   a - +1 long sword
rCold   . . .      Faith    .   c - +0 buckler
rNeg    . . .      Spirit   .   l - +0 scale mail
rPois   .          Reflect  .   (helmet restricted)
rElec   .          Harm     .   (no cloak)
rCorr   .          Rampage  .   (no gloves)
Will    .....                   (no boots)
Stlth   ..........              (no amulet)
HPRegen 0.14/turn               (no ring)
MPRegen 0.09/turn               (no ring)

@: mighty
A: horns 2, retaliatory headbutt, frail 1, screaming 1, wild magic 1
a: Renounce Religion, Stomp, Line Pass


You were on level 3 of the Dungeon.
You worshipped Uskayaw.
Uskayaw was noncommittal.
You visited 1 branch of the dungeon, and saw 3 of its levels.

You collected 129 gold pieces.

Inventory:

Hand Weapons
 a - a +1 long sword (weapon)
 b - a +0 sling
Missiles
 e - 19 stones (quivered)
 f - 4 boomerangs
Armour
 c - a +0 buckler (worn)
 l - a +0 scale mail (worn)
Jewellery
 h - an amulet of magic regeneration
Scrolls
 g - a scroll of teleportation
 o - a scroll of fog
Potions
 d - a potion of might
 i - a potion of brilliance
 j - a potion of magic
 k - a potion of heal wounds


   Skills:
 + Level 4.6 Fighting
 + Level 4.4 Long Blades
 + Level 0.2 Ranged Weapons
 + Level 5.0 Armour
 + Level 0.3 Dodging
 + Level 0.2 Stealth
 + Level 4.2 Shields


You had 4 spell levels left.
You didn't know any spells.
Your spell library was empty.

Dungeon Overview and Level Annotations

Branches:
Dungeon (3/15)

Altars:
Ashenzari
Ru
Uskayaw

Shops:
D:3 [


Innate Abilities, Weirdness & Mutations

You have a pair of horns on your head.
You reflexively headbutt those who attack you in melee.
You are frail. (-10% HP)
You occasionally shout uncontrollably at your foes.
Your spells are a little harder to cast, but a little more powerful.


Message History

a - a +1 long sword (weapon)
The gnoll bouda barks out a call to the hunt!
The gnoll picks up the pace!
The gnoll shouts!
You hit the gnoll bouda.
The gnoll bouda is moderately wounded.
Your attacks no longer feel as feeble.
The gnoll bouda closely misses you. You furiously retaliate!
You headbutt the gnoll bouda, but do no damage.
You feel very mighty all of a sudden.
The gnoll hits you from afar with a +0 halberd.
The gnoll bouda barely misses you.
You slash the gnoll bouda!
The gnoll bouda is severely wounded.
The gnoll hits you but does no damage.
The gnoll bouda hits you with a +0 whip.
The gnoll barely misses you.
You can now pass through a line of other dancers.
You hit the gnoll bouda. Your headbutt misses the gnoll bouda.
The gnoll bouda is severely wounded.
The gnoll bouda gazes fiercely through you!
You feel your attacks grow feeble. You block the gnoll bouda's attack.
The gnoll barely misses you.
You hit the gnoll bouda.
The gnoll bouda is almost dead.
The gnoll bouda hits you with a +0 whip.
The gnoll closely misses you.
The gnoll hits you from afar with a +0 halberd.
You hit the gnoll bouda.
You kill the gnoll bouda!
The gnoll hits you from afar with a +0 spear.
The gnoll hits you from afar with a +0 halberd.
The gnoll closely misses you.
Your Armour skill increases to level 5!
Your attacks no longer feel as feeble.
The gnoll hits you with a +0 halberd! The gnoll hits you with a +0 spear.
* * * LOW HITPOINT WARNING * * *
You barely miss the gnoll. Your headbutt misses the gnoll.
The gnoll hits you with a +0 halberd!
You die...

.#
#))..............
.#
#.#####.#.#######
+###.# #.#.######
.....# # #......#
.g...# #.#......#
..g..## #.#......+
......## #.#......#
....#..# #.#...g..#
....##.###.#...g@)#
....##.g##.#......#
#######.##.########
#.##.# #######....#
...........####
##+#####......#
#.#≈###...g..#
##.###.....>.g#


You could see 2 gnolls.

Vanquished Creatures
  An orc priest (D:3)
  A gnoll bouda (D:3)
  An orc wizard (D:3)
  2 gnolls (D:3)
  An adder (D:2)
  2 worms (D:2)
  3 dart slugs
  An orc (D:3)
  5 endoplasms
  5 giant cockroaches
  7 goblins
  4 hobgoblins
  2 jackals (D:2)
  4 kobolds
  4 quokkas
  6 ball pythons
  9 bats
  3 frilled lizards
  4 rats
65 creatures vanquished.

Vanquished Creatures (others)
  4 fungi (D:2)
  3 plants (D:2)
7 creatures vanquished.

Grand Total: 72 creatures vanquished

Notes
Turn   | Place    | Note
-------+----------+-------------------------------------------
     0 | D:1      | promet the Minotaur Fighter began the quest for the Orb.
     0 | D:1      | Reached XP level 1. HP: 19/19 MP: 0/0
    64 | D:1      | Reached XP level 2. HP: 27/27 MP: 1/1
   214 | D:1      | Reached skill level 4 in Armour
   610 | D:1      | Reached XP level 3. HP: 30/33 MP: 2/2
   844 | D:1      | Gained mutation: You have hidden genetic defects. [potion
                  | of mutation]
   844 | D:1      | Gained mutation: Your spells are a little harder to cast,
                  | but a little more powerful. [potion of mutation]
  1075 | D:2      | Gained mutation: You occasionally shout uncontrollably at
                  | your foes. [hidden defects]
  1199 | D:3      | Reached XP level 4. HP: 13/41 MP: 3/3
  1199 | D:3      | Gained mutation: You are frail. (-10% HP) [hidden defects]
  1199 | D:3      | Lost mutation: You have hidden genetic defects. [hidden
                  | defects expressed]
  1562 | D:3      | Found Bydup's Antique Armour Boutique.
  1571 | D:3      | Found a hide-covered altar of Uskayaw.
  1571 | D:3      | Found a broken altar of Ashenzari.
  1571 | D:3      | Found a sacrificial altar of Ru.
  1628 | D:3      | Became a worshipper of Uskayaw the Reveller
  1652 | D:3      | Reached * piety under Uskayaw
  1738 | D:3      | Reached ** piety under Uskayaw
  1778 | D:2      | Found a faded altar of an unknown god.
  2259 | D:2      | Reached XP level 5. HP: 34/42 MP: 4/4
  3064 | D:3      | Reached skill level 5 in Armour
  3065 | D:3      | Slain by a gnoll

Illustrated notes

Levels and vault maps discovered:
D:1:      minmay_arrival_three_doors, layout_basic
D:2:      layout_basic, shapermc_ecumenical_altar_mp_urbaneastern
D:3:      layout_basic, chequers_temple_overflow_statue_of_worship,
          serial_shops, nicolae_shop_hallway_plus

Skill      XL: |  1  2  3  4  5 |
---------------+----------------+-----
Fighting       | 4 |  4.6
Armour         | 4 5 |  5.0
Long Blades    | 3 4 |  4.4
Shields        | 4 |  4.2
Ranged Weapons | |  0.2
Dodging        | |  0.3
Stealth        | |  0.2

Action                   |  1- 3 |  4- 6 || total
-------------------------+-------+-------++-------
Melee: Long sword        |    94 |    60 ||   154
       Headbutt          |    15 |    13 ||    28
 Fire: Sling             |       |     3 ||     3
  Use: Potion            |     8 |     2 ||    10
       Scroll            |     2 |     6 ||     8
Armor: Scale mail        |    54 |    22 ||    76
Dodge: Dodged            |    52 |    23 ||    75
Block: Buckler           |    11 |    15 ||    26
